Map: Station de Dasan EC

Players

Worming

  • Race: Zerg Zerg
  • League: Diamond

Bhaal - Winner!

  • Race: Zerg Zerg
  • League: Diamond

VOD

Have the link to the VOD?

Description

Time

  • Played on: Oct. 14, 2016, 2:50 p.m.
  • Length: 6:50
Show
View Real Time Build Order
Export as new Build Order

Worming Zerg 

Build Orders: Pool First 

Get SALT Encoding   

  12  0:01  Drone  
  13  0:12  Drone  
  14  0:26  Spawning Pool  
  13  0:28  Drone  
  13  0:35  Overlord  
  14  0:41  Extractor  
  14  0:42  Drone  
  15  0:58  Drone  
  16  1:12  Queen  
  16  1:13  Zergling x2  
  16  1:14  Zergling x4  
  21  1:29  Hatchery  
  20  1:38  Overlord  
  20  1:48  Zergling x2  
  20  1:49  Zergling x2  
  20  1:52  Extractor  
  18  2:28  Zergling x12  
  24  2:39  Zergling x2  
  25  3:08  Zergling x12  
  28  3:24  Spine Crawler  
  24  3:40  Zergling x12  
  23  3:52  Spawning Pool  
  17  4:46  Spawning Pool  
  17  4:51  Metabolic Boost  
  17  4:53  Baneling Nest  
  17  4:55  Zergling x12  
  22  5:26  Queen, Drone x2  
  22  5:27  Extractor  
  22  5:55  Drone x2  
  22  5:56  Drone  
  25  6:02  Hatchery  
  22  6:18  Zergling x2  
  22  6:19  Zergling x2  
  24  6:28  Baneling  
  24  6:30  Baneling  
  24  6:31  Baneling  
Show
View Real Time Build Order
Export as new Build Order

Bhaal Zerg - Winner!

Build Orders: Pool First 

Get SALT Encoding   

  12  0:03  Drone  
  13  0:22  Spawning Pool  
  13  0:25  Drone  
  13  0:30  Extractor  
  13  0:35  Drone  
  13  0:36  Drone  
  14  0:53  Overlord  
  14  1:14  Zergling x2  
  14  1:15  Zergling x4  
  17  1:23  Queen  
  19  1:30  Spine Crawler  
  18  1:34  Zergling x2  
  19  1:42  Metabolic Boost  
  19  1:50  Zergling x4  
  20  2:01  Zergling x2  
  19  2:17  Zergling x2  
  20  2:26  Zergling x2  
  21  2:30  Overlord  
  21  2:50  Hatchery  
  21  2:51  Zergling x8  
  24  3:12  Zergling x4  
  26  3:36  Zergling x4  
  17  3:48  Zergling x2  
  18  4:00  Zergling x2  
  19  4:12  Zergling x2  
  20  4:20  Zergling x2  
  20  4:21  Zergling x4  
  23  4:36  Zergling x8  
  27  4:41  Spine Crawler  
  26  4:47  Zergling x2  
  26  4:50  Queen  
  29  4:57  Baneling Nest  
  27  5:19  Zergling x2  
  27  5:20  Zergling x6  
  28  5:47  Baneling x3  
  28  5:48  Baneling x2  
  26  5:55  Zergling x6  
  26  5:56  Zergling x2  
  28  6:06  Zergling x2  
  29  6:27  Baneling  
Tags
 
Add a new tag
Caveats
  • Supply blocks, unpowered buildings, or Contaminate may cause inaccurate times.
  • Supply counts are checked every 10 seconds.